 Seeded DCSS version 0.29.1-1-gd02db6906a (webtiles) character file.

Game seed: 17845553201672341576 (custom seed)

79 Iusername the Covered (level 4, 40/40 HPs)
             Began as a Minotaur Fighter on Sept 22, 2022.
             Quit the game on level 2 of the Dungeon.
             The game lasted 00:02:22 (2106 turns).

Iusername the Covered (Minotaur Fighter)            Turns: 2106, Time: 00:02:23

Health: 40/40      AC:  9    Str: 27    XL:     4   Next: 17%
Magic:  3/3        EV:  9    Int:  8    God:
Gold:   1112       SH:  4    Dex:  9    Spells: 3/3 levels left

rFire   . . .      SeeInvis .   a - +0 trident
rCold   . . .      Faith    .   c - +0 buckler
rNeg    . . .      Spirit   .   b - +0 scale mail
rPois   .          Reflect  .   (helmet restricted)
rElec   .          Harm     .   (no cloak)
rCorr   .          Rampage  .   (no gloves)
Will    .....                   m - +1 pair of boots of Dafit {Fly Str+4 Int+3 Stlth+}
Stlth   +.........              (no amulet)
HPRegen 0.13/turn               (no ring)
MPRegen 0.08/turn               (no ring)

@: flying
A: horns 2, retaliatory headbutt
a: no special abilities


You were on level 2 of the Dungeon.
You visited 1 branch of the dungeon, and saw 2 of its levels.

You collected 1112 gold pieces.

Inventory:

Hand Weapons
 a - a +0 trident (weapon)
Armour
 b - a +0 scale mail (worn)
 c - a +0 buckler (worn)
 l - a +0 pair of boots
 m - the +1 pair of boots of Dafit (worn) {Fly Str+4 Int+3 Stlth+}
   (You acquired it on level 2 of the Dungeon)

   Str:       It affects your strength (+4).
   Int:       It affects your intelligence (+3).
   Fly:       It grants you flight.
   Stlth:     It makes you more stealthy.
Scrolls
 e - 5 scrolls of identify {unknown}
 f - a scroll of torment {unknown}
 g - a scroll of fear {unknown}
 j - a scroll of teleportation {unknown}
Potions
 d - 3 potions of degeneration {unknown}
 h - a potion of heal wounds {unknown}
 k - a potion of might


   Skills:
 + Level 4.2 Fighting
 + Level 3.3 Polearms
 + Level 4.5 Armour
 + Level 0.1 Dodging
 + Level 4.2 Shields


You had 3 spell levels left.
You didn't know any spells.
Your spell library contained the following spells:

 Spells                   Type           Power      Damage    Failure   Level
 Necrotise                Necr           0%         1d4       77%         1
 Vampiric Draining        Necr           0%         2d6       98%         3
 Agony                    Necr           0%         N/A       100%        5


Dungeon Overview and Level Annotations

Branches:
Dungeon (2/15)

Altars:


Innate Abilities, Weirdness & Mutations

You have a pair of horns on your head.
You reflexively headbutt those who attack you in melee.


Message History

As you open the door, it creaks loudly!
No target in view!
Unknown command.
No target in view!
There is an open door here.
You see here 3 stones.
You open the door.
There is an open door here.
You open the door.
There is an open door here.
You open the door.
There is an open door here.
Key pressed, stopping explore.
Unknown command.
No target in view!
This is a scroll of acquirement!
Something appears at your feet!
m - the +1 pair of boots of Dafit {Fly Str+4 Int+3 Stlth+} Something appears at your feet!
You now have 1112 gold pieces (gained 999).
You start putting on your armour.
You continue putting on the +1 pair of boots of Dafit {Fly Str+4 Int+3 Stlth+}. x4
You finish putting on the +1 pair of boots of Dafit {Fly Str+4 Int+3 Stlth+}.
You feel stronger.
You feel clever.
You fly up into the air.
There is an open door here.
There is an open door here.
You see here a +0 club.
Found 6 stones.
Unknown command.
No target in view!
Done exploring.
No target in view!
Done exploring.
Unknown command.
Key pressed, stopping explore.
No target in view!
Unknown command.
No target in view!
Are you sure you want to abandon this character and quit the game? (Confirm with "yes".)

####### ########.....#
#............#### #####
#...............####....
#.................##....
#......@.........(.+....
########........#.##....
#........#.##....
#........#.##....
###......#.##....
######.........)...
#......###########.
######## #. #.


There were no monsters in sight!

Vanquished Creatures
  Robin (D:2)
  2 adders (D:2)
  2 ball pythons
  4 bats
  3 endoplasms
  5 giant cockroaches
  14 goblins
  6 hobgoblins (D:2)
  2 jackals (D:2)
  A frilled lizard (D:1)
  A kobold (D:1)
  2 rats (D:1)
43 creatures vanquished.

Notes
Turn   | Place    | Note
-------+----------+-------------------------------------------
     0 | D:1      | Iusername the Minotaur Fighter began the quest for the Orb.
     0 | D:1      | Reached XP level 1. HP: 19/19 MP: 0/0
   306 | D:1      | Reached XP level 2. HP: 27/27 MP: 1/1
   716 | D:1      | Found a faded altar of an unknown god.
   914 | D:2      | Noticed Robin
   919 | D:2      | Reached XP level 3. HP: 33/33 MP: 2/2
   942 | D:2      | Killed Robin
  1710 | D:2      | Reached XP level 4. HP: 40/40 MP: 3/3
  2030 | D:2      | Identified 2 scrolls of acquirement
  2030 | D:2      | Acquired the +1 pair of boots of Dafit {Fly Str+4 Int+3
                  | Stlth+}
  2032 | D:2      | Acquired 999 gold pieces
  2106 | D:2      | Quit the game

Illustrated notes

Levels and vault maps discovered:
D:1:      lordsloth_arrival_two_stooges, layout_basic,
          shapermc_ecumenical_altar_petra, dk_noncrumbling_4
D:2:      layout_basic, uniq_robin

Skill      XL: |  1  2  3 |
---------------+----------+-----
Fighting       | 4 |  4.2
Armour         | 4 |  4.5
Shields        | 4 |  4.2
Polearms       | 3 |  3.3
Dodging        | |  0.1

Action                   |  1- 3 |  4- 6 || total
-------------------------+-------+-------++-------
Melee: Trident           |    76 |    12 ||    88
       Headbutt          |     7 |       ||     7
  Use: Potion            |     2 |       ||     2
       Scroll            |       |     2 ||     2
Armor: Scale mail        |    39 |     3 ||    42
Dodge: Dodged            |    31 |     2 ||    33
Block: Buckler           |    12 |     2 ||    14
